 Dungeon Crawl Stone Soup version 0.30-a0-743-gbfdf073431 (webtiles) character file.

Game seed: 9327076408393739267

127122 DEFE the Tortoise (level 16, -3/127 HPs)
             Began as a Demonspawn Wanderer on Feb 7, 2023.
             Was a Follower of Ru.
             Splashed by a goliath frog's acid (7 damage)
             ... on level 1 of the Swamp.
             The game lasted 00:40:01 (37385 turns).

DEFE the Tortoise (Demonspawn Wanderer)            Turns: 37385, Time: 00:40:01

Health: -3/127     AC:  8    Str: 20    XL:     16   Next: 45%
Magic:  7/7        EV: 16    Int: 12    God:    Ru [*.....]
Gold:   1882       SH:  0    Dex: 15    Spells: 22/23 levels left

rFire   + . .      SeeInvis .    Z - +5 eveningstar (antimagic)
rCold   + . .      Faith    .    (no shield)
rNeg    . . .      Spirit   .    N - +2 ring mail {rPois}
rPois   +          Reflect  .    (helmet restricted)
rElec   .          Harm     .    y - +0 cloak {rC+}
rCorr   .          Rampage  .    (no gloves)
Will    +....                    f - +2 pair of boots Stlth
                                 (no amulet)
HPRegen 0.41/turn                o - +5 ring of evasion
MPRegen 0.10/turn                k - ring of protection from fire

@: corroded
A: horns 1, icy blue scales 2, demonic guardian 1, spiny 2, no potion heal 1, no
stealth
a: Renounce Religion


You were on level 1 of the Swamp.
You worshipped Ru.
Ru was aware of your devotion.
You visited 5 branches of the dungeon, and saw 24 of its levels.
You also visited: Ice Cave and Volcano.

You collected 2473 gold pieces.
You spent 591 gold pieces at shops.

Inventory:

Hand Weapons
 Z - a +5 antimagic eveningstar (weapon)
Missiles
 e - 8 curare-tipped darts
 w - 2 throwing nets
Armour
 f - a +2 pair of boots (worn)
 t - a +2 plate armour of cold resistance
 y - a +0 cloak of cold resistance (worn)
 D - a +2 kite shield of protection
 I - a +2 plate armour of fire resistance
 N - a +2 ring mail of poison resistance (worn)
 S - a +10 plate armour of ponderousness
Jewellery
 g - a +6 ring of intelligence
 k - a ring of protection from fire (right hand)
 o - a +5 ring of evasion (left hand)
 s - a ring of protection from cold
 J - a +6 ring of strength
 O - a ring of flight
 R - a ring of see invisible
Wands
 x - a wand of flame (35)
 P - a wand of mindburst (7)
 Q - a wand of digging (6)
 V - a wand of charming (5)
Scrolls
 a - 2 scrolls of amnesia
 j - 2 scrolls of teleportation
 m - 5 scrolls of magic mapping
 q - 3 scrolls of blinking
 r - 5 scrolls of vulnerability
 u - 4 scrolls of immolation
 C - a scroll of enchant armour {unknown}
 G - 2 scrolls of poison
 H - a scroll of brand weapon
 L - 2 scrolls of fear
 T - 3 scrolls of noise
 U - 4 scrolls of fog
 Y - 3 scrolls of enchant weapon
Potions
 b - a potion of might
 c - a potion of resistance {unknown}
 h - 13 potions of curing
 i - 7 potions of heal wounds
 l - 8 potions of mutation
 n - 2 potions of berserk rage
 p - 7 potions of attraction
 v - 4 potions of cancellation
 z - 3 potions of lignification
 A - 4 potions of flight
 B - 4 potions of magic
 E - 2 potions of ambrosia
 F - 3 potions of brilliance {unknown}
 M - 2 potions of invisibility
 W - a potion of haste
 X - a potion of degeneration {unknown}
Miscellaneous
 d - a phial of floods
 K - a box of beasts


   Skills:
 - Level 12.0 Fighting
 - Level 16.0 Maces & Flails
 - Level 20.0 Armour
 - Level 1.0 Dodging
 + Level 6.1 Shields
 - Level 4.0 Spellcasting
 - Level 6.0 Evocations


You had 22 spell levels left.
You knew the following spells:

 Your Spells              Type           Power      Damage    Failure   Level
a - Apportation           Tloc           4%         N/A       28%         1

Your spell library contained the following spells:

 Spells                   Type           Power      Damage    Failure   Level
 Freeze                   Ice            8%         1d3       28%         1
 Summon Small Mammal      Summ           8%         N/A       28%         1
 Blink                    Tloc           4%         N/A       41%         2
 Cigotuvi's Dreadful Rot  Necr/Pois/Air  4%         N/A       41%         2
 Static Discharge         Conj/Air       4%         2-3/arc   41%         2
 Sublimation of Blood     Necr           2%         N/A       41%         2
 Call Canine Familiar     Summ           2%         N/A       65%         3
 Dazzling Flash           Conj/Hex       4%         N/A       65%         3
 Frozen Ramparts          Ice            4%         1d1       65%         3
 Hailstorm                Conj/Ice       2%         3d3       65%         3
 Portal Projectile        Hex/Tloc       4%         N/A       65%         3
 Summon Guardian Golem    Hex/Summ       2%         N/A       65%         3
 Teleport Other           Tloc           2%         N/A       65%         3
 Vhi's Electric Charge    Tloc/Air       4%         N/A       65%         3
 Animate Armour           Summ/Erth      4%         N/A       96%         4
 Dispel Undead            Necr           2%         3d7       96%         4
 Ice Form                 Ice/Tmut       2%         N/A       96%         4
 Leda's Liquefaction      Hex/Erth       1%         N/A       96%         4
 Manifold Assault         Tloc           2%         N/A       96%         4
 Petrify                  Tmut/Erth      2%         N/A       96%         4
 Summon Ice Beast         Ice/Summ       2%         N/A       96%         4
 Agony                    Necr           2%         N/A       100%        5
 Alistair's Intoxication  Tmut/Pois      1%         N/A       100%        5
 Arcjolt                  Conj/Air       1%         1d11      100%        5
 Blade Hands              Tmut           1%         N/A       100%        5
 Borgnjor's Vile Clutch   Necr/Erth      1%         N/A       100%        5
 Irradiate                Conj/Tmut      1%         3d12      100%        5
 Lightning Bolt           Conj/Air       1%         1d12      100%        5
 Metabolic Englaciation   Hex/Ice        1%         N/A       100%        5
 Silence                  Hex/Air        1%         N/A       100%        5
 Death Channel            Necr           1%         N/A       100%        6
 Eringya's Noxious Bog    Tmut/Pois      1%         N/A       100%        6
 Iron Shot                Conj/Erth      1%         9d1       100%        6
 Statue Form              Tmut/Erth      1%         N/A       100%        6
 Storm Form               Tmut/Air       1%         N/A       100%        7


Dungeon Overview and Level Annotations

Branches:
Dungeon (15/15)            Temple (1/1) D:4            Lair (5/5) D:10
  Swamp (1/4) Lair:2       Spider (0/4) Lair:2        Slime (0/5) Lair:4
    Orc (2/2) D:9             Elf (0/3) Orc:2        Vaults (0/5) D:14
 Depths (0/4) D:15          IceCv (visited)         Volcano (visited)

Altars:
Ashenzari
Cheibriados
Dithmenos
Fedhas
Gozag
Hepliaklqana
Kikubaaqudgha
Makhleb
Nemelex Xobeh
Okawaru
Qazlal
Ru
Sif Muna
Trog
Uskayaw
Vehumet
Wu Jian
Xom
Yredelemnul
Jiyva
Lugonu

Shops:
D:2 (   D:4 (   D:8 =   D:9 (   Orc:2 :**(

Portals:
Abyss: Lair:5
Trove: D:11 (give +3 shadow dragon scales)

Annotations:
D:5 2 runed translucent doors, libidonplus's ghost, novice DgAE
D:7 1 runed translucent door, FlurksSlurper's ghost, novice DsGl
Lair:2 3 runed translucent doors, toympanos's ghost, journeyman DrAE


Innate Abilities, Weirdness & Mutations

You have a pair of small horns on your head.
You are mostly covered in icy blue scales. (AC +3)
A weak demonic guardian rushes to your aid.
You are mostly covered in sharp spines.
Potions are less effective at restoring your health.
You cannot be stealthy.


Message History

You take 27 damage, and have 97/127 hp.
MASSIVE DAMAGE!!
Unknown command.
You bludgeon the swamp worm!! The goliath frog hits you from afar.
You are splashed with acid!
The swamp drake breathes poison at you.
The noxious blast engulfs the swamp worm but does no damage.
The swamp worm is poisoned.
The swamp worm is engulfed in noxious fumes.
The swamp worm bites you!
You take 26 damage, and have 72/127 hp.
MASSIVE DAMAGE!!
You hit the swamp worm. The goliath frog closely misses you.
The swamp worm is engulfed in noxious fumes.
The swamp worm appears confused.
Unknown command.
The goliath frog closely misses you.
The swamp worm is engulfed in noxious fumes.
The swamp worm appears confused.
The swamp worm is struck by your spines.
You kill the swamp worm!
The goliath frog hits you from afar!
You are splashed with acid!
The goliath frog hits you but does no damage.
You take 20 damage, and have 53/127 hp.
The goliath frog hits you from afar! The acid corrodes you!
You are splashed with acid!
* * * LOW HITPOINT WARNING * * *
You take 20 damage, and have 33/127 hp.
The goliath frog hits you from afar!
* * * LOW HITPOINT WARNING * * *
A demonic guardian appears!
You are splashed with acid!
* * * LOW HITPOINT WARNING * * *
You redirect the swamp drake's attack!
There is a staircase back to the Lair here.
You take 21 damage, and have 12/127 hp.
Unknown command.
The goliath frog hits you from afar!
* * * LOW HITPOINT WARNING * * *
A demonic guardian appears!
The acid corrodes you!
You are splashed with acid!
You die...

~~ ~~ ~~ .~ ...
~♣♣.~ ....♣♣.~.♣
.~~...~~~~
.~~~~.~~~♣
♣.~~~....♣♣
♣♣~~~~~~~@♣
♣..~§~~~44♣♣
~~..~~§F.k~♣
~.♣~.~~~.$♣
~.§~..~~~.†♣
~.....~≈≈≈≈≈≈≈♣
♣....≈≈≈≈≈≈≈≈≈≈≈
♣.~≈≈≈≈≈♣♣♣~♣.≈≈≈
≈≈≈≈≈≈≈.♣ ..♣♣.≈


You could see a goliath frog (very poisoned, ally target), a swamp drake
(distracted, ally target), a friendly orange demon (summoned) and a friendly
rust devil (summoned).

Vanquished Creatures
  A shard shrike (IceCv)
  Jorgrun (D:15)
  Rupert (D:12)
  A frost giant (D:14)
  Louise (D:15)
  A white draconian (IceCv)
  Azrael (D:12)
  Snorg (D:14)
  A yaktaur captain (D:14)
  5 hydras
  2 ogre magi (Orc:1)
  A ghost crab (Lair:2)
  3 ironbound frosthearts (IceCv)
  A catoblepas (Lair:1)
  5 boulder beetles
  A death knight (D:14)
  4 centaur warriors
  6 death yaks
  10 two-headed ogres
  Erica (D:9)
  2 tengu warriors (D:14)
  3 thrashing horrors (Lair:5)
  A storm dragon zombie (D:15)
  A deep elf knight (D:14)
  The ghost of Vymp the Martial Artist, a novice OpTm of Cheibriados (D:11)
  2 skeletal warriors (D:15)
  A spark wasp zombie (D:15)
  A goliath frog (Swamp:1)
  A deep troll (Orc:1)
  A swamp dragon (Swamp:1)
  A spriggan simulacrum (D:14)
  An orange crystal statue (IceCv)
  3 orc knights (Orc:1)
  3 lindwurms
  A harpy (shapeshifter) (Lair:5)
  5 deep elf pyromancers
  A phantasmal warrior (D:15)
  An iron dragon zombie (D:15)
  A necromancer (D:15)
  30 ugly things
  An oklob plant (Orc:1)
  2 orc sorcerers (Orc:1)
  3 manticores
  4 cyclopes
  An elephant (shapeshifter) (D:15)
  13 elephants
  Joseph (D:7)
  3 black mambas
  A toenail golem (Volcano)
  A smoke demon (Lair:5)
  A black mamba (shapeshifter) (D:15)
  A molten gargoyle (Volcano)
  2 gargoyles
  10 cane toads
  An unseen horror (D:12)
  16 rime drakes
  A rime drake (shapeshifter) (D:15)
  4 komodo dragons
  2 yaktaurs (D:14)
  2 efreet
  2 ancient zymes (Lair:5)
  2 freezing wraiths
  5 kobold demonologists
  An anaconda simulacrum (D:14)
  12 trolls
  22 polar bears
  A queen bee (D:14)
  4 meliai (D:14)
  21 blink frogs
  A jumping spider (shapeshifter) (D:14)
  3 jumping spiders (Lair:2)
  A ynoxinul (Lair:5)
  3 wyverns
  4 wraiths
  79 yaks
  A vampire (D:8)
  3 fire elementals
  A redback (Lair:2)
  6 basilisks
  3 chaos spawn (Lair:5)
  A steam dragon (D:9)
  A minotaur simulacrum (D:14)
  A harpy simulacrum (D:14)
  A warg (shapeshifter) (D:14)
  14 vampire mosquitoes
  A swamp worm (Swamp:1)
  3 wargs (Orc:1)
  Duvessa (D:5)
  9 small abominations (Lair:5)
  9 water moccasins
  3 hell hounds (D:12)
  A spectral polar bear (Lair:2)
  A spectral yak (Lair:2)
  A large abomination (Lair:5)
  2 ice beasts
  A glowing shapeshifter skeleton (D:15)
  12 orc warriors
  3 black bears
  An alligator simulacrum (D:14)
  2 sky beasts
  18 ogres
  10 wolves
  18 centaurs
  2 phantoms (D:6)
  3 kobold brigands
  2 spectral basilisks (Lair:2)
  13 bullfrogs
  2 spectral water moccasins (Lair:2)
  3 earth elementals (Volcano)
  2 deep troll simulacra (D:14)
  2 necrophages (D:4)
  2 scorpions
  14 wights
  Dowan (D:5)
  16 killer bees
  A lindwurm simulacrum (D:14)
  3 howler monkeys
  A jelly (D:4)
  14 orc priests
  A hound (D:7)
  4 iguanas
  2 gnoll boudas (D:7)
  Natasha (thrice) (D:2)
  16 orc wizards
  8 gnolls
  5 adders
  A white imp (D:8)
  4 worms
  2 dart slugs (D:3)
  62 orcs
  5 ball pythons
  5 bats
  2 bat zombies (D:9)
  6 endoplasms
  4 giant cockroaches
  4 goblins
  6 hobgoblins
  8 kobolds
  3 quokkas
  4 frilled lizards
  4 rats
  A rat zombie (D:9)
  A fire vortex (Volcano)
710 creatures vanquished.

Vanquished Creatures (collateral kills)
  A two-headed ogre (Orc:1)
  A centaur warrior (D:13)
  A deep troll (Orc:1)
  A cane toad (Lair:2)
  A molten gargoyle (Volcano)
  A rime drake (Lair:3)
  A komodo dragon (Lair:3)
  A vampire (D:9)
  A hell hound (D:12)
  An orc warrior (D:9)
  A worm (D:2)
  7 orcs
18 creatures vanquished.

Vanquished Creatures (others)
  A two-headed ogre (Orc:1)
  A deep elf pyromancer (D:14)
  2 water moccasins
  An orc priest (D:9)
  A bush (Lair:5)
  A fire vortex (Volcano)
  24 fungi
  24 plants
  8 withered plants (D:15)
63 creatures vanquished.

Grand Total: 791 creatures vanquished

Notes
Turn   | Place    | Note
-------+----------+-------------------------------------------
     0 | D:1      | DEFE the Demonspawn Wanderer began the quest for the Orb.
     0 | D:1      | DEFE set off with the following items: a +1 flail, a potion
                  | of might, a +0 leather armour; and the following spell
                  | memorised: Apportation; and the following spells available
                  | to memorise: Teleport Other.
     0 | D:1      | Reached XP level 1. HP: 16/16 MP: 5/5
   223 | D:1      | Gained mutation: A weak demonic guardian rushes to your
                  | aid. [demonic ancestry]
   223 | D:1      | Reached XP level 2. HP: 22/22 MP: 7/7
   888 | D:2      | Found a radiant altar of Vehumet.
   946 | D:2      | Noticed Natasha
   951 | D:2      | Killed Natasha
   952 | D:2      | Reached XP level 3. HP: 27/27 MP: 8/8
   983 | D:2      | Found Oklyrrio's Antique Weapon Emporium.
  1173 | D:2      | Gained mutation: You are partially covered in sharp spines.
                  | [demonic ancestry]
  1173 | D:2      | Reached XP level 4. HP: 33/33 MP: 10/10
  1311 | D:2      | Noticed Natasha
  1318 | D:2      | Killed Natasha
  1595 | D:2      | Noticed Natasha
  1604 | D:2      | Killed Natasha
  2104 | D:3      | Reached XP level 5. HP: 38/38 MP: 11/11
  2535 | D:3      | Reached skill level 5 in Maces & Flails
  2719 | D:4      | Found Lagunnad's Weapon Emporium.
  2902 | D:4      | Gained mutation: You are mostly covered in sharp spines.
                  | [demonic ancestry]
  2902 | D:4      | Reached XP level 6. HP: 35/44 MP: 12/12
  2974 | D:4      | Found a shimmering altar of Xom.
  2974 | D:4      | Found a basalt altar of Yredelemnul.
  2988 | D:4      | Found a staircase to the Ecumenical Temple.
  2997 | Temple   | Entered the Ecumenical Temple
  3223 | D:4      | Found a sacrificial altar of Ru.
  3235 | D:4      | Became a worshipper of Ru the Awakened
  3466 | D:4      | Found a shimmering blue altar of Sif Muna.
  3614 | D:5      | Entered Level 5 of the Dungeon
  3787 | D:5      | Found a runed translucent door.
  3790 | D:5      | Noticed libidonplus's ghost (novice DgAE)
  3867 | D:5      | Gained mutation: You have a pair of small horns on your
                  | head. [demonic ancestry]
  3867 | D:5      | Reached XP level 7. HP: 41/50 MP: 13/13
  3957 | D:5      | Noticed Duvessa
  3969 | D:5      | Killed Duvessa
  3969 | D:5      | Noticed Dowan
  3973 | D:5      | Killed Dowan
  4270 | D:5      | Reached skill level 5 in Evocations
  4825 | D:5      | Reached XP level 8. HP: 56/56 MP: 14/14
  4949 | D:5      | Found a runed translucent door.
  5157 | D:6      | Reached skill level 1 in Armour
  5379 | D:6      | Gained mutation: You cannot be stealthy. [Ru sacrifice]
  5417 | D:6      | Reached skill level 2 in Armour
  6029 | D:7      | Reached skill level 3 in Armour
  6319 | D:7      | Reached skill level 4 in Armour
  6319 | D:7      | Reached XP level 9. HP: 36/61 MP: 15/15
  6591 | D:7      | Noticed Joseph
  6606 | D:7      | Killed Joseph
  6607 | D:7      | Reached skill level 5 in Armour
  6921 | D:7      | Found a runed translucent door.
  6924 | D:7      | Noticed FlurksSlurper's ghost (novice DsGl)
  7114 | D:7      | Reached skill level 6 in Armour
  7433 | D:7      | Identified a scroll of acquirement
  7441 | D:7      | Acquired a manual of Maces & Flails
  7559 | D:8      | Noticed a centaur warrior
  7563 | D:8      | Noticed a deep elf pyromancer
  7587 | D:8      | Killed a centaur warrior
  7588 | D:8      | Reached skill level 10 in Maces & Flails
  7588 | D:8      | Reached XP level 10. HP: 18/67 MP: 16/16
  7937 | D:8      | Noticed a centaur warrior
  7944 | D:8      | Killed a centaur warrior
  7945 | D:8      | Reached skill level 7 in Armour
  8175 | D:8      | Found Vifoaqum's One-of-a-Kind Rings.
  8776 | D:8      | Killed a deep elf pyromancer
  8777 | D:8      | Reached skill level 8 in Armour
  9527 | D:8      | Reached XP level 11. HP: 78/78 MP: 17/17
  9538 | D:8      | Found a hazy altar of Hepliaklqana.
 10166 | D:9      | Found Feqeninn's Weapon Shop.
 10238 | D:9      | Found an opulent altar of Gozag.
 10337 | D:9      | Found an iron altar of Okawaru.
 10458 | D:9      | Noticed a two-headed ogre
 10467 | D:9      | Killed a two-headed ogre
 10468 | D:9      | Reached skill level 5 in Fighting
 10597 | D:9      | Reached skill level 9 in Armour
 10801 | D:9      | Found an ancient bone altar of Kikubaaqudgha.
 10836 | D:9      | Noticed Erica
 10846 | D:9      | Killed Erica
 11027 | D:9      | Found a staircase to the Orcish Mines.
 11294 | D:10     | Entered Level 10 of the Dungeon
 11408 | D:10     | Noticed a two-headed ogre
 11418 | D:10     | Killed a two-headed ogre
 11673 | D:10     | Found a staircase to the Lair.
 11678 | D:10     | Noticed a boulder beetle
 11942 | D:10     | Killed a boulder beetle
 12467 | D:10     | Found a stormy altar of Qazlal.
 12701 | D:10     | Found an ornate altar of the Wu Jian Council.
 13237 | D:11     | Found a large runed translucent door.
 13237 | D:11     | Found a large runed translucent door.
 13242 | D:11     | Noticed Vymp's ghost (novice OpTm)
 13297 | D:11     | Reached skill level 10 in Armour
 13540 | D:11     | Gained mutation: You are partially covered in icy blue
                  | scales. (AC +2) [demonic ancestry]
 13540 | D:11     | Reached XP level 12. HP: 83/91 MP: 18/18
 13603 | D:11     | Found a portal to a secret trove of treasure.
 14276 | D:11     | Killed Vymp's ghost
 14277 | D:11     | Reached skill level 15 in Maces & Flails
 14646 | D:12     | Noticed Azrael
 14653 | D:12     | Noticed Rupert
 14659 | D:12     | Killed Azrael
 15365 | Lair:1   | Entered Level 1 of the Lair of Beasts
 15438 | Lair:1   | Reached skill level 11 in Armour
 15581 | Lair:1   | Noticed a catoblepas
 15911 | Lair:1   | Killed a catoblepas
 16853 | Lair:2   | Found a staircase to the Swamp.
 16853 | Lair:2   | Noticed a ghost crab
 17799 | Lair:2   | Found a runed translucent gate.
 17799 | Lair:2   | Found a runed translucent gate.
 17799 | Lair:2   | Found a runed translucent gate.
 17850 | Lair:2   | Identified the +2 shortbow "Naxodd" {elec, +Blink}
 17913 | Lair:2   | Gained mutation: You are mostly covered in icy blue scales.
                  | (AC +3) [demonic ancestry]
 17913 | Lair:2   | Reached XP level 13. HP: 70/88 MP: 19/19
 18130 | Lair:2   | Found a hole to the Spider Nest.
 18592 | Lair:2   | Noticed toympanos's ghost (journeyman DrAE)
 18688 | Lair:3   | Reached skill level 10 in Fighting
 19217 | Lair:3   | Reached skill level 12 in Armour
 20446 | Lair:4   | Gained mutation: Potions are less effective at restoring
                  | your health. [Ru sacrifice]
 20446 | Lair:4   | Reached * piety under Ru
 20687 | Lair:4   | Found a viscous altar of Jiyva.
 20689 | Lair:4   | Found a staircase to the Slime Pits.
 21537 | Lair:5   | Entered Level 5 of the Lair of Beasts
 21631 | Lair:5   | Reached skill level 13 in Armour
 23006 | Lair:5   | Reached XP level 14. HP: 99/115 MP: 20/20
 23349 | Lair:5   | Reached skill level 14 in Armour
 24514 | Lair:5   | Reached skill level 15 in Armour
 24614 | Lair:5   | Found a corrupted altar of Lugonu.
 24614 | Lair:5   | Found a one-way gate to the infinite horrors of the Abyss.
 25506 | D:4      | Bought a +1 antimagic eveningstar for 572 gold pieces
 25978 | D:12     | You fall into a shaft and drop 3 floors!
 25978 | D:15     | Entered Level 15 of the Dungeon
 25989 | D:15     | Found a broken altar of Ashenzari.
 26465 | D:15     | Found a staircase to the Depths.
 26516 | D:15     | Reached skill level 16 in Armour
 27608 | D:15     | Noticed Louise
 27625 | D:15     | Killed Louise
 27797 | D:15     | Noticed Jorgrun
 27816 | D:15     | Killed Jorgrun
 28451 | D:14     | Reached XP level 15. HP: 60/120 MP: 7/21
 28463 | D:14     | Reached skill level 17 in Armour
 28533 | D:14     | Found a gate to the Vaults.
 28541 | D:14     | Found a frozen archway.
 28687 | IceCv    | Entered an ice cave
 29659 | IceCv    | Reached skill level 18 in Armour
 29850 | IceCv    | Noticed a shard shrike
 30487 | IceCv    | Killed a shard shrike
 31386 | D:14     | Noticed Snorg
 31402 | D:14     | Killed Snorg
 31547 | D:14     | Noticed a frost giant
 31567 | D:14     | Killed a frost giant
 31572 | D:14     | Reached skill level 19 in Armour
 31974 | D:14     | Identified the +6 long sword "Demonspawn's Bane" {venom,
                  | Contam rElec Will+}
 32616 | D:14     | Reached skill level 1 in Shields
 32943 | D:13     | Identified the +8 war axe of Rougoxta {freeze, rF+}
 33614 | D:12     | Paralysed by Rupert for 2 turns
 33623 | D:12     | Killed Rupert
 33624 | D:12     | Reached XP level 16. HP: 127/127 MP: 7/22
 33918 | Orc:1    | Entered Level 1 of the Orcish Mines
 33930 | Orc:1    | Found a dark tunnel.
 34055 | Volcano  | Entered a volcano
 35351 | Orc:2    | Entered Level 2 of the Orcish Mines
 35942 | Orc:1    | Reached skill level 5 in Shields
 35947 | Orc:2    | Paralysed by an ogre mage for 2 turns
 36435 | Orc:2    | Found a staircase to the Elven Halls.
 36526 | Orc:2    | Found Emepyple's Assorted Antiques.
 36547 | Orc:2    | Found Seunefom's Book Shop.
 36551 | Orc:2    | Found Irchiek's Weapon Boutique.
 36552 | Orc:2    | Found Osuetas's Antique Weapon Shop.
 36554 | Orc:2    | Bought a brown potion for 19 gold pieces
 36706 | Orc:2    | Found Vateapli's Overcharged Wands.
 37302 | Swamp:1  | Entered Level 1 of the Swamp
 37310 | Swamp:1  | Reached skill level 20 in Armour
 37385 | Swamp:1  | HP: 4/127 [goliath frog (8)]
 37385 | Swamp:1  | Splashed by a goliath frog's acid

Illustrated notes

Levels and vault maps discovered:
D:1:      nicolae_arrival_somewhat_less_tricky_arrival, layout_loops_ring,
          minmay_octomino_j4
D:2:      layout_loops_corners, basic_altar, serial_shops,
          nicolae_shop_behind_doors, kennysheep_generic_room_13, uniq_natasha
D:3:      layout_loops_ring
D:4:      layout_rooms, kennysheep_orc_sif_temple, mainiacjoe_overflow_chevrons,
          gammafunk_temple_overflow_statue, minmay_temple_entry_large_hall,
          serial_shops, nicolae_shop_bloodbath_and_beyond, minivault_23,
          minivault_25
D:5:      layout_loops_ring, ebering_ghost_sewer_f, uniq_duvessa
D:6:      layout_loops_ring
D:7:      layout_rooms, kennysheep_mini_moat, mainiacjoe_overflow_24_doors,
          marbit_many_paths, hellmonk_ghost_happy_afterlife, minmay_door_square,
          uniq_joseph
D:8:      layout_basic, nicolae_hepliaklqana_hippocampus,
          nicolae_shop_unique_rings, palyth_stone_intersect,
          minmay_diamond_spiral
D:9:      layout_roguey, lemuel_zombie_altar_kikubaaqudgha,
          nicolae_gozag_cash_rules_everything_around_me,
          mainiacjoe_overflow_cross_hatched, erik_orc_2, serial_shops, shop,
          uniq_erica
D:10:     layout_stronghold, grunt_qazlal_clouds, kennysheep_mini,
          david_lair_generic
D:11:     layout_loops_corners, ebering_ghost_disaster_area,
          nicolae_trove_entry_columns
D:12:     layout_small_grid, uniq_rupert, uniq_azrael
D:13:     layout_stronghold, due_unseen_surprise
D:14:     minmay_textured_paths, layout_rooms, david_vaults_2,
          bh_walls_and_bars, portal_ice_cave_entry_ice_simulacra,
          nicolae_looking_at_the_future, uniq_snorg
D:15:     gammafunk_depths_entry_grave, layout_loops_ring,
          nicolae_ashenzari_skybound, uniq_jorgrun, uniq_louise
Temple:   jpeg_temple_island
Lair:1:   layout_chaotic_city
Lair:2:   layout_chaotic_city, nicolae_swamp_entry_spooky, spider_nest_entry_a,
          gammafunk_ghost_icy, grunt_megastairs_3
Lair:3:   layout_chaotic_city, grunt_megastairs_1, lemuel_fruit_fields,
          lemuel_fruit_tree, serial_bayou_shore_b
Lair:4:   layout_hall_layers, slime_entry_1
Lair:5:   hellmonk_lair_end_abyssal_woods, layout_layer_cave
Swamp:1:  layout_basic_swamp, ebering_ghost_funeral_grove,
          nicolae_swamp_tree_isthmus
Orc:1:    layout_diamond_mine, nicolae_volcano_entry_vermiform, mines3_lemuel
Orc:2:    st_orc_open, layout_caves, nicolae_shop_overcharged_wands

Skill      XL: |  1  2  3  4  5  6  7  8  9 10 11 12 13 14 15 16 |
---------------+-------------------------------------------------+-----
Maces & Flails | 2 3 4 5 6 8 10 12 14 15 16 | 16.0
Evocations     | 2 4 5 6 |  6.0
Armour         | 4 6 8 10 11 13 16 19 20 | 20.0
Fighting       | 4 7 9 12 | 12.0
Shields        | 2 6 |  6.1
Dodging        | |  1.0
Spellcasting   | |  4.0

Action                     |  1- 3 |  4- 6 |  7- 9 | 10-12 | 13-15 | 16-18 || total
---------------------------+-------+-------+-------+-------+-------+-------++-------
  Melee: Flail             |    77 |    99 |   155 |   680 |    67 |       ||  1078
         Punch             |     1 |       |     2 |    12 |    18 |     2 ||    35
         Headbutt          |       |       |    30 |   169 |   402 |    82 ||   683
         Dire flail        |       |       |       |       |   611 |       ||   611
         Eveningstar       |       |       |       |       |   683 |   286 ||   969
  Throw: Throwing net      |       |       |       |     1 |       |       ||     1
         Dart              |       |       |       |     3 |     8 |     1 ||    12
 Invoke: Sacrifice Stealth |       |       |     1 |       |       |       ||     1
         Reject Sacrifices |       |       |       |     2 |     2 |     1 ||     5
         Sacrifice Purity  |       |       |       |       |     1 |       ||     1
  Evoke: Wand              |       |     1 |    16 |    39 |    25 |     9 ||    90
         Box of beasts     |       |       |       |     2 |     5 |       ||     7
         Phial of floods   |       |       |       |       |       |     1 ||     1
    Use: Potion            |       |       |     1 |     1 |     3 |       ||     5
         Scroll            |       |       |    16 |     7 |    19 |     1 ||    43
   Stab: Sleeping          |     1 |     1 |       |       |       |       ||     2
         Distracted        |       |       |       |     2 |     6 |     2 ||    10
 Armour: Leather armour    |    19 |    13 |       |       |       |       ||    32
         Ring mail         |       |    23 |    70 |    37 |       |    12 ||   142
         Plate armour      |       |       |       |   352 |   827 |   193 ||  1372
  Dodge: Dodged            |    46 |    42 |    75 |   326 |   615 |   211 ||  1315

Table legend: (Time is in decaauts)
 A = Elapsed time spent in this place.
 B = Non-inter-level travel time spent in this place.
 C = Inter-level travel time spent in this place.
 D = Time resting spent in this place.
 E = Time spent auto-exploring this place.
 F = Levels seen in this place.
 G = Mean time per level.
                   A        B        C        D        E       F      G
               +--------+--------+--------+--------+--------+-----+--------+
         Total |  37654 |  35810 |   1844 |  14238 |  16453 |  26 | 1448.2 |
       Dungeon |  21873 |  20573 |   1300 |   7605 |   9972 |  15 | 1458.2 |
        Temple |     77 |     41 |     36 |      0 |     30 |   1 |   77.0 |
          Lair |  10164 |   9806 |    358 |   3982 |   4702 |   5 | 2032.8 |
         Swamp |     78 |     78 |      0 |     53 |      0 |   1 |   78.0 |
  Orcish Mines |   2897 |   2749 |    148 |   1107 |   1218 |   2 | 1448.5 |
      Ice Cave |   2227 |   2227 |      0 |   1336 |    447 |   1 | 2227.0 |
       Volcano |    335 |    335 |      0 |    154 |     83 |   1 |  335.0 |
               +--------+--------+--------+--------+--------+-----+--------+

Top non-repeatable levels by time:
  Lair:5: 3301 daAuts
    D:15: 2467 daAuts
    D:14: 2299 daAuts
  Lair:2: 2268 daAuts
   IceCv: 2227 daAuts
     D:8: 2192 daAuts
   Orc:1: 2100 daAuts
     D:9: 1855 daAuts
    D:10: 1816 daAuts
  Lair:3: 1697 daAuts
  Lair:4: 1630 daAuts
     D:7: 1547 daAuts
    D:11: 1512 daAuts
    D:12: 1368 daAuts
     D:5: 1333 daAuts
